 Dungeon Crawl Stone Soup version 0.27.1-34-g3ba077fa99 (webtiles) character file.

Game seed: 7057434936099343908

78 DrunkBamboolord the Gusty (level 4, -3/33 HPs)
             Began as a Draconian Air Elementalist on Jan 14, 2022.
             Slain by an ogre (19 damage)
             ... on level 3 of the Dungeon.
             The game lasted 00:07:41 (3337 turns).

DrunkBamboolord the Gusty (DrAE)                    Turns: 3337, Time: 00:07:42

Health: -3/33      AC:  5    Str: 16    XL:     4   Next: 15%
Magic:  3/8        EV: 12    Int: 16    God:
Gold:   36         SH:  0    Dex: 12    Spells: 4/8 levels left

rFire    . . .     SeeInvis .   j - +2 dagger (speed)
rCold    . . .     Faith    .   (no shield)
rNeg     . . .     Spirit   .   (armour unavailable)
rPois    .         Reflect  .   (helmet restricted)
rElec    .         Harm     .   (no cloak)
rCorr    .         Rampage  .   (no gloves)
Will     .....                  (no boots)
Stlth    ++........             (no amulet)
HPRegen  0.11/turn              d - +6 ring of strength
MPRegen  0.11/turn              (no ring)

@: swift (expiring), quick
A: AC +5, unfitting armour, cold-blooded
a: no special abilities


You were on level 3 of the Dungeon.
You visited 1 branch of the dungeon, and saw 4 of its levels.

You collected 36 gold pieces.

Inventory:

Hand Weapons
 j - a +2 dagger of speed (weapon)
Jewellery
 d - a +6 ring of strength (left hand)
Scrolls
 h - a scroll of immolation
Potions
 a - a potion of curing
 b - a potion of resistance {unknown}
 c - a potion of haste
 e - a potion of cancellation
 g - a potion of brilliance {unknown}


   Skills:
 * Level 2.1 Dodging
 - Level 1.7 Stealth
 * Level 2.8 Spellcasting
 * Level 1.5 Conjurations
 * Level 4.0 Air Magic


You had 4 spell levels left.
You knew the following spells:

 Your Spells              Type           Power      Damage    Failure   Level
a - Shock                 Conj/Air       44%        1d5       6%          1
b - Swiftness             Air            15%        N/A       11%         3

Your spell library contained the following spells:

 Spells                   Type           Power      Damage    Failure   Level
 Static Discharge         Conj/Air       11%        N/A       9%          2
 Airstrike                Air            7%         N/A       34%         4


Dungeon Overview and Level Annotations

Branches:
Dungeon (4/15)
 Temple: D:4-7

Altars:
Trog

Annotations:
D:4 Sigmund


Innate Abilities, Weirdness & Mutations

Your plain brown scales are hard. (AC +5)
You cannot fit into any form of body armour.
You are cold-blooded and may be slowed by cold attacks.


Message History

There is a stone staircase leading down here.
You climb downwards.
There is a stone staircase leading up here.
You see here an adder skeleton.
There is an open door here.
You open the door.
An ogre comes into view. It is wielding a +0 giant club.
An adder comes into view.
Found a scroll labelled PIDIHIFFUNN.
There is an open door here.
The helpless ogre fails to defend itself.
You hit the ogre.
The ogre is lightly wounded.
The ogre hits you with a +0 giant club!!
Ouch! That really hurt!
There is an open door here.
Unknown command.
Casting: Shock (safe; 6% risk of failure)
Confirm with . or Enter, or press ? or * to list all spells.
The spell is quite dangerous to cast (11% risk of failure)!
Continue anyway?
You feel quick. The ogre closely misses you.
There is an open door here.
You see here an adder skeleton.
There is a stone staircase leading up here.
Aiming: Shock (safe; 6% risk of failure)
Press: ? - help, Q - select action Shift-Dir - straight line, f - ogre
Aim: an ogre, wielding a +0 giant club (lightly wounded, 85% to hit)
The zap hits the ogre.
The ogre is moderately wounded.
You start to feel a little slower.
Aiming: Shock (safe; 6% risk of failure)
Press: ? - help, Q - select action Shift-Dir - straight line, f/p - ogre
Aim: an ogre, wielding a +0 giant club (moderately wounded, 85% to hit)
The zap hits the ogre.
The ogre is heavily wounded.
You closely miss the ogre.
The ogre is heavily wounded.
The ogre hits you with a +0 giant club!!
Ouch! That really hurt!
You die...

... #.....# #.# #...# #.#
##.## #.# #.# #.# #.# #.#
##'## #.# ##...## #.##
##.....#.# #.@##
##........#
#######..O####.........#
........(...รท'...........
#######.(.####.........#.
##..## ##.......##S
##.#.## ##.....## #.###.#
##...## ##.#.## #+## ##.##
### #.#


You could see an ogre.

Vanquished Creatures
  3 adders
  A worm (D:2)
  A dart slug (D:1)
  4 endoplasms
  2 giant cockroaches (D:2)
  7 goblins
  6 hobgoblins
  6 kobolds
  2 quokkas
  A ball python (D:1)
  2 bats
  3 frilled lizards
  5 rats
43 creatures vanquished.

Notes
Turn   | Place    | Note
-------+----------+-------------------------------------------
     0 | D:1      | DrunkBamboolord the Draconian Air Elementalist began the
                  | quest for the Orb.
     0 | D:1      | Reached XP level 1. HP: 14/14 MP: 3/3
   456 | D:1      | Reached XP level 2. HP: 20/20 MP: 1/5
  1023 | D:2      | Reached XP level 3. HP: 22/26 MP: 0/6
  1343 | D:2      | Found a faded altar of an unknown god.
  1346 | D:2      | Reached skill level 4 in Air Magic
  1991 | D:2      | Learned a level 3 spell: Swiftness
  2208 | D:2      | You fall into a shaft and drop 2 floors!
  2317 | D:4      | Noticed Sigmund
  2615 | D:3      | Found a bloodstained altar of Trog.
  2753 | D:3      | Reached XP level 4. HP: 26/33 MP: 8/8
  3313 | D:3      | Noticed an ogre
  3337 | D:3      | Slain by an ogre

Illustrated notes

Levels and vault maps discovered:
D:1:      onia_arrival_mini_spirals, layout_basic, minivault_14
D:2:      layout_basic, hellmonk_ecumenical_altar_blasted
D:3:      layout_loops_corners, trog_book
D:4:      cheibrodos_greedy_goblins, layout_basic,
          minmay_misc_feat_more_columns, fountainhead,
          hangedman_decor_clover_reticule, kennysheep_generic_room_7,
          uniq_sigmund

Skill      XL: |  1  2  3 |
---------------+----------+-----
Dodging        | 2 |  2.1
Air Magic      | 4 |  4.0
Stealth        | |  1.7
Spellcasting   | |  2.8
Conjurations   | |  1.5

Action                   |  1- 3 |  4- 6 || total
-------------------------+-------+-------++-------
Melee: Unarmed           |    38 |       ||    38
       Dagger            |    39 |    22 ||    61
       Tailslap          |     5 |     4 ||     9
 Cast: Shock             |    61 |     2 ||    63
       Swiftness         |       |     1 ||     1
  Use: Scroll            |     8 |       ||     8
 Stab: Sleeping          |     2 |     1 ||     3
Armor: Skin              |    32 |     3 ||    35
Dodge: Dodged            |    33 |     9 ||    42
